 Dungeon Crawl Stone Soup version 0.30.1-4-g462c640d31 (webtiles) character file.

Game seed: 17053371530272443518

63 croobank the Sneak (level 4, -1/31 HPs)
             Began as an Octopode Delver on Aug 10, 2023.
             Slain by a bullfrog (4 damage)
             ... on level 5 of the Dungeon.
             The game lasted 00:02:31 (104 turns).

croobank the Sneak (Octopode Delver)                 Turns: 104, Time: 00:02:31

Health: -1/31      AC:  1    Str: 11    XL:     4   Next: 9%
Magic:  4/4        EV: 13    Int: 14    God:
Gold:   0          SH:  0    Dex: 13    Spells: 3/3 levels left

rFire   . . .        a - +0 short sword
rCold   . . .        (no shield)
rNeg    . . .        (helmet restricted)
rPois   .            (no amulet)
rElec   .            (no ring)
rCorr   .            (no ring)
SInv    .            (no ring)
Will    .....        (no ring)
Stlth   +++++        (no ring)
HPRegen 0.25/turn    (no ring)
MPRegen 0.09/turn    (no ring)
                     (no ring)

%: no passive effects
@: no status effects
A: almost no armour, amphibious, 8 rings, camouflage 1, gelatinous body 1,
(nimble swimmer 1), tentacles
a: no special abilities


You were on level 5 of the Dungeon.
You visited 1 branch of the dungeon, and saw 2 of its levels.

Inventory:

Hand Weapons
 a - a +0 short sword (weapon)
Wands
 f - a wand of digging (2)
Scrolls
 b - a scroll of fog
 c - a scroll of magic mapping
Potions
 e - a potion of haste


   Skills:
 + Level 3.4 Fighting
 + Level 2.5 Short Blades
 + Level 2.5 Dodging
 * Level 7.4 Stealth


You had 3 spell levels left.
You didn't know any spells.
Your spell library was empty.

Dungeon Overview and Level Annotations

Branches:
Dungeon (6/15)
 Temple: D:4-7

Altars:


Innate Abilities, Weirdness & Mutations

You cannot wear most types of armour.
You are amphibious.
You can wear up to eight rings at the same time.
Your skin changes colour to match your surroundings (Stealth+).
Your rubbery body absorbs attacks. (AC +1, EV +1)
((You are camouflaged when in or above water. (Stealth+)))
You have tentacles for arms and can constrict up to eight enemies at once.


Message History

The bullfrog attacks as you move away! The bullfrog hits you.
As you read the scroll of fear, it crumbles to dust.
You assume a fearsome visage.
The bullfrog looks frightened!
The orc looks frightened! x2; Cornered, the bullfrog turns to fight!
The bullfrog barely misses you. The bullfrog closely misses you.
There is a stone staircase leading up here.
The bullfrog barely misses you. The bullfrog closely misses you.
You climb upwards.
Reactivating autopickup.
There is a stone staircase leading down here.
You completely miss the bullfrog. Your grab misses the bullfrog.
The bullfrog barely misses you.
You hit the bullfrog. Your grab misses the bullfrog.
The bullfrog is moderately wounded.
The bullfrog closely misses you.
You hit the bullfrog but do no damage. Your grab misses the bullfrog.
The bullfrog is moderately wounded.
The bullfrog hits you. x2
You hit the bullfrog but do no damage. You grab the bullfrog.
The bullfrog is moderately wounded.
You constrict the bullfrog. The bullfrog hits you.
You hit the bullfrog.
The bullfrog is moderately wounded.
You constrict the bullfrog. The bullfrog barely misses you.
You hit the bullfrog but do no damage.
The bullfrog is heavily wounded.
You constrict the bullfrog. The bullfrog hits you.
* * * LOW HITPOINT WARNING * * *
You completely miss the bullfrog.
The bullfrog is heavily wounded.
You constrict the bullfrog. The bullfrog hits you!
* * * LOW HITPOINT WARNING * * *
The bullfrog closely misses you.
Okay, then.
Okay, then.
You hit the bullfrog.
The bullfrog is severely wounded.
You constrict the bullfrog. The bullfrog hits you.
You die...

.
#####....
#@F......
#..##....
#..# .
#..# #..#
#..# ....
#.##


You could see a bullfrog.

Vanquished Creatures
  A scorpion (D:6)
  An orc (D:6)
2 creatures vanquished.

Notes
Turn   | Place    | Note
-------+----------+-------------------------------------------
     0 | D:5      | croobank the Octopode Delver began the quest for the Orb.
     0 | D:5      | Reached XP level 1. HP: 16/16 MP: 1/1
    21 | D:6      | Noticed a scorpion
    26 | D:6      | Killed a scorpion
    27 | D:6      | Reached skill level 7 in Stealth
    27 | D:6      | Reached XP level 2. HP: 12/21 MP: 2/2
    27 | D:6      | Reached XP level 3. HP: 15/26 MP: 3/3
    27 | D:6      | Reached XP level 4. HP: 18/31 MP: 4/4
    79 | D:6      | Noticed a bullfrog
   104 | D:5      | Slain by a bullfrog

Illustrated notes

Levels and vault maps discovered:
D:5:      layout_basic, hellmonk_bongcloud_opening, uniq_ijyb, uniq_pikel,
          uniq_blork_the_orc
D:6:      layout_loops_ring, nicolae_ru_awakened_eye

Skill      XL: |  1 |
---------------+----+-----
Stealth        | 7 |  7.4
Fighting       | |  3.4
Short Blades   | |  2.5
Dodging        | |  2.5

Action                     |  1- 3 |  4- 6 || total
---------------------------+-------+-------++-------
  Melee: Short sword       |     4 |     9 ||    13
         Constrict         |     1 |     1 ||     2
  Evoke: Wand              |       |     1 ||     1
    Use: Scroll            |       |     1 ||     1
   Stab: Sleeping          |     1 |     1 ||     2
 Armour: Skin              |     1 |       ||     1
  Dodge: Dodged            |     1 |     9 ||    10
